 Dungeon Crawl Stone Soup version 0.18.1-5-g4a78601 (webtiles) character file.

103055 shmeve the Peltast (level 15, -9/145 HPs)
             Began as a Minotaur Berserker on May 12, 2016.
             Was the Champion of Trog.
             Mangled by the 27-headed Lernaean hydra (12 damage)
             ... on level 4 of the Swamp.
             The game lasted 00:58:34 (20676 turns).

shmeve the Peltast (Minotaur Berserker)            Turns: 20676, Time: 00:58:35

Health: -9/145     AC: 27    Str: 30    XL:     15   Next: 88%
Magic:  23/23      EV: 15    Int:  4    God:    Trog [******]
Gold:   1590       SH: 28    Dex: 15    Spells: 0 memorised, 14 levels left

rFire  . . .     SeeInvis +     O - +4 broad axe
rCold  . . .     Gourm    .     y - +10 chain mail of the Three Wars {+Fly MR+ SInv}
rNeg   + . .     Faith    .     s - +5 large shield
rPois  +         Spirit   .     (helmet restricted)
rElec  .         Dismiss  .     D - +0 cloak
rCorr  .         Reflect  .     q - +1 pair of gloves
SustAt .         Harm     .     (no boots)
MR     ++++.                    F - amulet of regeneration
Stlth  ..........               L - ring "Ubo Rovi" {rPois MP+9 Str+4 Int-2}
                                a - ring of the Octopus King {rN+ AC+1 EV+1 Str+1 Int+1 Dex+1}

@: exhausted, very slightly contaminated, regenerating, hasted, very quick,
incredibly resistant to hostile enchantments, extremely unstealthy
A: retaliatory headbutt, horns 2, agile 1
a: Berserk, Trog's Hand, Brothers in Arms, Burn Spellbooks, Renounce Religion,
Evoke Flight


You were on level 4 of the Swamp.
You worshipped Trog.
Trog was exalted by your worship.
You were not hungry.

You visited 4 branches of the dungeon, and saw 24 of its levels.
You also visited: Bailey.

You collected 2574 gold pieces.
You spent 984 gold pieces at shops.

Inventory:

Hand Weapons
 O - a +4 broad axe (weapon)
Armour
 q - a +1 pair of gloves (worn)
 s - a +5 large shield (worn)
 y - the +10 chain mail of the Three Wars (worn) {+Fly MR+ SInv}
   (You bought it in a shop on level 2 of the Orcish Mines)

   It affects your resistance to hostile enchantments.
   It lets you see invisible.
   It lets you fly.
 D - a +0 cloak (worn)
Jewellery
 a - a ring of the Octopus King (left hand) {rN+ AC+1 EV+1 Str+1 Int+1 Dex+1}
   (You found it on level 6 of the Dungeon)

   [ring of positive energy]

   It affects your AC (+1).
   It affects your evasion (+1).
   It affects your strength (+1).
   It affects your intelligence (+1).
   It affects your dexterity (+1).
   It protects you from negative energy.
 F - an amulet of regeneration (around neck)
 L - the ring "Ubo Rovi" (right hand) {rPois MP+9 Str+4 Int-2}
   (You bought it in a shop on level 2 of the Orcish Mines)

   [ring of magical power]

   It affects your strength (+4).
   It affects your intelligence (-2).
   It protects you from poison.
   It affects your magic capacity (+9).
Wands
 N - a wand of digging (8/24)
Scrolls
 g - 5 scrolls of fear
 h - 3 scrolls of magic mapping
 i - 2 scrolls of recharging {unknown}
 j - 2 scrolls of amnesia {unknown}
 l - 7 scrolls of immolation {unknown}
 m - 9 scrolls of teleportation {unknown}
 p - a scroll of summoning {unknown}
 r - 2 scrolls of random uselessness {unknown}
 v - 5 scrolls of identify
 w - 8 scrolls of remove curse
 E - 2 scrolls of acquirement {unknown}
 H - 2 scrolls of noise {unknown}
 I - a scroll of brand weapon {unknown}
 K - 4 scrolls of fog {unknown}
 P - 2 scrolls of enchant weapon {unknown}
Potions
 d - 3 potions of might
 e - 2 potions of agility
 f - 3 potions of brilliance
 o - 7 potions of curing
 t - 2 potions of magic
 x - a potion of invisibility {unknown}
 z - 2 potions of ambrosia
 B - 3 potions of resistance
 G - 3 potions of mutation
 J - 6 potions of flight
Comestibles
 b - 9 royal jellies
 c - 11 bread rations
 k - 9 beef jerkies
 u - 11 meat rations


   Skills:
 * Level 16.5 Fighting
 * Level 16.6 Axes
 + Level 12.4 Armour
 + Level 11.2 Dodging
 * Level 16.9 Shields


You had 14 spell levels left.
You didn't know any spells.

Dungeon Overview and Level Annotations

Branches:
Dungeon (10/15)            Temple (0/1) D:6            Lair (8/8) D:9
  Swamp (4/4) Lair:5       Spider (0/4) Lair:5        Slime (0/6) Lair:7
    Orc (2/2) D:10            Elf (0/3) Orc:2

Altars:
Ashenzari
Cheibriados
Dithmenos
Gozag
Kikubaaqudgha
Nemelex Xobeh
Okawaru
Pakellas
Qazlal
Ru
Sif Muna
Trog
Vehumet
The Shining One
Beogh
Jiyva

Shops:
D:5 }   D:6 ?!*   D:8 %   Orc:2 ?[(=

Annotations:
Lair:5 exclusion: oklob plant
Swamp:4 Lernaean hydra


Innate Abilities, Weirdness & Mutations

You reflexively headbutt those who attack you in melee.
You have a pair of horns on your head.
You are agile. (Dex +2)


Message History

You block the 27-headed Lernaean hydra's attack.
The 27-headed Lernaean hydra bites you but does no damage. x2
The 27-headed Lernaean hydra bites you.
* * * LOW HITPOINT WARNING * * *
The 27-headed Lernaean hydra bites you.
* * * LOW HITPOINT WARNING * * *
The 27-headed Lernaean hydra bites you but does no damage. x2
You block the 27-headed Lernaean hydra's attack.
The 27-headed Lernaean hydra barely misses you.
The 27-headed Lernaean hydra bites you but does no damage.
You block the 27-headed Lernaean hydra's attack. x2
The 27-headed Lernaean hydra bites you but does no damage. x3
The 27-headed Lernaean hydra bites you!
* * * LOW HITPOINT WARNING * * *
The 27-headed Lernaean hydra barely misses you.
You block the 27-headed Lernaean hydra's attack. x3
The 27-headed Lernaean hydra misses you.
The 27-headed Lernaean hydra bites you but does no damage.
The 27-headed Lernaean hydra bites you!
You die...

.≈≈≈≈≈≈♣≈.≈≈≈≈≈♣♣
♣..≈..≈♣♣ ♣. ♣♣.≈≈.≈♣♣♣.≈
♣§.≈....§≈ ≈ ♣♣.≈≈≈≈≈♣≈.
≈. ♣♣.≈≈≈≈≈.♣ ≈<≈
♣♣...≈≈.≈≈♣
.≈.≈♣♣≈.≈≈≈≈.≈≈♣ .##
#≈§≈≈@..≈≈≈≈#####
#≈$≈.###÷.#D#'####..$##
.#≈..$.#÷÷÷...P..#....$#
♣.≈.P≈.#≈(...†≈(≈#.Dφ..#
.P..§.#÷÷.†#.≈..#.....#
#P.§≈..8.§#≈.(.+....#
##.#..≈.÷#.#≈..#'#### ♣ ♣
#.[§[..(≈.#.P(≈...≈.#≈♣
♣≈#.8.8.(...#≈..(.(.(.#≈♣


You could see the 27-headed Lernaean hydra.

Vanquished Creatures
  Maud (Lair:8)
  An orc warlord (Orc:2)
  Snorg (D:10)
  20 hydras
  A catoblepas (Lair:4)
  Erica (Lair:2)
  6 alligators
  11 death yaks (Lair:8)
  Urug (Orc:1)
  3 orc high priests (Orc:2)
  2 spriggans (Swamp:3)
  An unseen horror (D:9)
  2 spriggan druids (Swamp:3)
  The ghost of Almacia the Basher, a novice GrFi of Pakellas (D:7)
  10 swamp dragons
  A lindwurm (Lair:8)
  2 orc knights (Orc:1)
  5 orc sorcerers
  An orb spider (Lair:5)
  3 griffons
  2 hornets
  5 ugly things (Swamp:1)
  8 elephants
  5 black mambas
  2 torpor snails
  11 komodo dragons
  20 spiny frogs
  8 rime drakes
  5 giant leeches
  6 slime creatures
  43 blink frogs
  11 bog bodies
  A shadow (Swamp:1)
  2 boulder beetles (Lair:8)
  Sigmund (D:2)
  A wyvern (Lair:8)
  29 yaks
  9 hippogriffs
  4 basilisks
  18 vampire mosquitoes
  A hungry ghost (D:10)
  13 swamp worms
  2 wargs
  19 insubstantial wisps
  A soldier ant (D:9)
  19 water moccasins
  Duvessa (D:6)
  11 swamp drakes
  4 porcupines
  3 ice beasts
  A sky beast (D:9)
  30 orc warriors
  8 ogres
  8 wasps
  6 wolves (Lair:7)
  4 centaurs
  14 crocodiles
  The ghost of Strat the Chopper, an amateur TeWr (D:3)
  22 giant frogs
  Dowan (D:6)
  A scorpion (D:6)
  6 wights
  A crimson imp (D:7)
  A giant frog zombie (D:5)
  3 hounds
  2 jellies
  Crazy Yiuf (D:6)
  7 orc priests
  19 orc wizards
  7 gnoll shamans
  Ijyb (D:2)
  Terence (D:2)
  7 iguanas
  17 worker ants
  27 sheep
  A killer bee zombie (D:9)
  2 worker ant zombies
  Robin (D:2)
  3 adders
  32 gnolls
  61 river rats
  2 shadow imps
  An ooze (D:7)
  2 adder zombies
  An adder skeleton (D:10)
  3 worms
  A dart slug (D:1)
  A giant gecko (D:6)
  76 orcs
  2 ball pythons (D:1)
  7 bats
  4 giant cockroaches
  19 goblins
  8 hobgoblins
  20 jackals
  6 quokkas
  A giant gecko zombie (D:5)
  6 giant newts
  3 jackal skeletons
  18 kobolds
  A quokka skeleton (D:8)
  A quokka zombie (D:5)
  6 rats
  4 fungi
  3 plants
831 creatures vanquished.

Vanquished Creatures (collateral kills)
  A death yak (Lair:8)
  A water moccasin (Lair:8)
2 creatures vanquished.

Vanquished Creatures (others)
  A giant leech (Swamp:3)
  A bog body (Swamp:4)
  17 fungi
  10 plants
29 creatures vanquished.

Grand Total: 862 creatures vanquished

Notes
Turn   | Place    | Note
--------------------------------------------------------------
     0 | D:1      | shmeve the Minotaur Berserker began the quest for the Orb.
     0 | D:1      | Reached XP level 1. HP: 19/19 MP: 0/0
   355 | D:1      | Reached XP level 2. HP: 24/27 MP: 1/1
   921 | D:2      | Noticed Sigmund
   929 | D:2      | Killed Sigmund
   929 | D:2      | Reached skill level 5 in Fighting
   929 | D:2      | Reached skill level 5 in Axes
   929 | D:2      | Reached XP level 3. HP: 36/36 MP: 2/2
   929 | D:2      | Reached XP level 4. HP: 42/42 MP: 3/3
   929 | D:2      | Reached XP level 5. HP: 48/48 MP: 4/4
   984 | D:2      | Noticed Terence
   989 | D:2      | Noticed Ijyb
   993 | D:2      | Killed Terence
   993 | D:2      | Reached ** piety under Trog
   999 | D:2      | Killed Ijyb
  1000 | D:2      | Noticed Robin
  1012 | D:2      | Killed Robin
  1177 | D:2      | Reached XP level 6. HP: 44/56 MP: 5/5
  1211 | D:2      | Found an oddly glowing altar of Pakellas.
  1361 | D:2      | Found a snail-covered altar of Cheibriados.
  1510 | D:3      | Noticed Strat's ghost (amateur TeWr)
  1517 | D:3      | Killed Strat's ghost
  1625 | D:3      | Reached *** piety under Trog
  1880 | D:4      | Reached skill level 1 in Shields
  1976 | D:4      | Found a glowing golden altar of the Shining One.
  2045 | D:4      | Reached XP level 7. HP: 49/63 MP: 6/6
  2296 | D:5      | Entered Level 5 of the Dungeon
  2365 | D:5      | Found a shadowy altar of Dithmenos.
  2408 | D:5      | Found Liyc Buo's Gadget Shop.
  2501 | D:5      | Reached skill level 5 in Shields
  2987 | D:5      | Reached XP level 8. HP: 70/70 MP: 7/7
  3037 | D:5      | Reached **** piety under Trog
  3358 | D:5      | Found a stormy altar of Qazlal.
  3800 | D:6      | Found Dumor's Assorted Antiques.
  3848 | D:6      | Noticed Crazy Yiuf
  3853 | D:6      | Killed Crazy Yiuf
  3891 | D:6      | Bought a pair of glowing gloves for 117 gold pieces
  3991 | D:6      | Reached skill level 5 in Armour
  3995 | D:6      | Got a ring of the Octopus King
  3996 | D:6      | Identified a ring of the Octopus King {rN+ AC+1 EV+1 Str+1 Int+1 Dex+1} (You found it on level 6 of the Dungeon)
  4013 | D:6      | Noticed Dowan
  4014 | D:6      | Noticed Duvessa
  4023 | D:6      | Killed Dowan
  4035 | D:6      | Killed Duvessa
  4041 | D:6      | Reached ***** piety under Trog
  4135 | D:6      | Reached XP level 9. HP: 63/80 MP: 8/8
  4223 | D:6      | Found Zajas's Magic Scroll Boutique.
  4223 | D:6      | Found Gaquqi Mish's Distillery.
  4373 | D:6      | Found a staircase to the Ecumenical Temple.
  4443 | D:6      | Found a shattered altar of Ashenzari.
  4753 | D:7      | Got a dazzling war axe
  4760 | D:7      | Identified the cursed +2 war axe of Kihiut {flame, MR+} (You found it on level 7 of the Dungeon)
  4929 | D:6      | Bought a scroll of enchant armour for 97 gold pieces
  4984 | D:7      | Noticed Almacia's ghost (novice GrFi)
  4990 | D:7      | Killed Almacia's ghost
  5097 | D:7      | Reached skill level 5 in Dodging
  5480 | D:8      | Found Huawekor's Food Emporium.
  5799 | D:8      | Found an ancient bone altar of Kikubaaqudgha.
  5799 | D:8      | Found a deep blue altar of Sif Muna.
  5802 | D:8      | Found a radiant altar of Vehumet.
  6024 | D:8      | Found an iron altar of Okawaru.
  6026 | D:8      | Found a bloodstained altar of Trog.
  6027 | D:8      | Found a stormy altar of Qazlal.
  6028 | D:8      | Found a sacrificial altar of Ru.
  6316 | D:9      | Found a flagged portal.
  6328 | Bailey   | Entered a bailey
  6361 | Bailey   | Received a gift from Trog
  6362 | Bailey   | Reached XP level 10. HP: 91/91 MP: 9/9
  6412 | Bailey   | Reached skill level 10 in Shields
  6424 | Bailey   | Received a gift from Trog
  6851 | D:9      | Found a staircase to the Lair.
  6856 | D:9      | Noticed a spiny frog
  6856 | D:9      | Noticed a spiny frog
  6863 | D:9      | Killed a spiny frog
  6872 | D:9      | Killed a spiny frog
  6873 | D:9      | HP: 6/139 [poisoned by a spiny frog]
  6877 | D:9      | HP: 2/139 [poisoned by a spiny frog]
  7087 | D:9      | Reached skill level 10 in Fighting
  7189 | D:9      | Killed an unseen horror
  7189 | D:9      | Reached skill level 10 in Axes
  7495 | D:9      | Gained mutation: You are agile. (Dex +2) [potion of beneficial mutation]
  7594 | D:9      | Found an opulent altar of Gozag.
  7595 | D:9      | Found a sparkling altar of Nemelex Xobeh.
  7702 | Lair:1   | Entered Level 1 of the Lair of Beasts
  7842 | Lair:1   | Noticed Erica
  8198 | Lair:1   | Reached XP level 11. HP: 98/101 MP: 10/10
  8880 | Lair:2   | Killed Erica
  9326 | Lair:3   | Received a gift from Trog
  9769 | Lair:3   | You fall through a shaft for 3 floors!
  9795 | Lair:6   | Reached XP level 12. HP: 84/112 MP: 11/11
 10330 | Lair:5   | Received a gift from Trog
 10372 | Lair:5   | Reached ****** piety under Trog
 10641 | Lair:5   | Found a shattered altar of Ashenzari.
 10986 | Lair:5   | Found a staircase to the Swamp.
 11063 | Lair:5   | Found a hole to the Spider Nest.
 11817 | Lair:4   | Noticed an eight-headed hydra
 11825 | Lair:4   | Killed a ten-headed hydra
 12871 | Lair:7   | Noticed a seven-headed hydra
 12878 | Lair:7   | Killed a ten-headed hydra
 12878 | Lair:7   | Reached XP level 13. HP: 122/122 MP: 12/12
 13343 | Lair:7   | Received a gift from Trog
 13401 | Lair:7   | Found a viscous altar of Jiyva.
 13401 | Lair:7   | Found a staircase to the Slime Pits.
 14294 | Lair:8   | Entered Level 8 of the Lair of Beasts
 14349 | Lair:8   | Noticed Maud
 14361 | Lair:8   | Killed Maud
 14448 | Lair:8   | Reached skill level 10 in Armour
 14641 | Lair:8   | Received a gift from Trog
 15073 | Lair:8   | Reached XP level 14. HP: 133/133 MP: 13/13
 15470 | Lair:8   | Reached skill level 15 in Shields
 15473 | Lair:8   | Reached skill level 10 in Dodging
 15809 | Lair:4   | Reached skill level 15 in Fighting
 15831 | Lair:4   | Reached skill level 15 in Axes
 15916 | D:10     | Entered Level 10 of the Dungeon
 16205 | D:10     | Noticed Snorg
 16214 | D:10     | Killed Snorg
 16227 | D:10     | Received a gift from Trog
 16276 | D:10     | Found a staircase to the Orcish Mines.
 16290 | Orc:1    | Entered Level 1 of the Orcish Mines
 16336 | Orc:1    | Noticed Urug
 16337 | Orc:1    | Found a roughly hewn altar of Beogh.
 16351 | Orc:1    | Killed Urug
 16616 | Orc:2    | Entered Level 2 of the Orcish Mines
 16675 | Orc:2    | Found a staircase to the Elven Halls.
 16729 | Orc:2    | Found a runed door.
 16950 | Orc:2    | Found a roughly hewn altar of Beogh.
 16951 | Orc:2    | Found Lysk's Magic Scroll Boutique.
 17055 | Orc:2    | Found a roughly hewn altar of Beogh.
 17105 | Orc:2    | Found a roughly hewn altar of Beogh.
 17108 | Orc:2    | Found Veunkeu's Jewellery Boutique.
 17247 | Orc:2    | Found a roughly hewn altar of Beogh.
 17251 | Orc:2    | Received a gift from Trog
 17356 | Orc:2    | Noticed an orc warlord
 17373 | Orc:2    | Killed an orc warlord
 17391 | Orc:2    | Found Umekkaug's Antique Weapon Emporium.
 17401 | Orc:2    | Found Ditulig's Antique Armour Shoppe.
 17401 | Orc:2    | Found a roughly hewn altar of Beogh.
 17428 | Orc:2    | Bought a jewelled chain mail for 275 gold pieces
 17428 | Orc:2    | Identified the +10 chain mail of the Three Wars {+Fly MR+ SInv} (You bought it in a shop on level 2 of the Orcish Mines)
 17570 | Orc:2    | Bought the ring "Ubo Rovi" {rPois MP+9 Str+4 Int-2} for 495 gold pieces
 17677 | Orc:2    | Found a roughly hewn altar of Beogh.
 17795 | Orc:2    | Found a roughly hewn altar of Beogh.
 18077 | Swamp:1  | Entered Level 1 of the Swamp
 18186 | Swamp:1  | Reached XP level 15. HP: 116/143 MP: 14/14
 19505 | Swamp:2  | Received a gift from Trog
 19837 | Swamp:3  | Got a polished shield
 19853 | Swamp:3  | Identified the +1 shield "Xoaptoh" {rC+} (You found it on level 3 of the Swamp)
 20269 | Swamp:4  | Entered Level 4 of the Swamp
 20660 | Swamp:4  | Noticed the 27-headed Lernaean hydra
 20665 | Swamp:4  | HP: 2/145 [the 27-headed Lernaean hydra (7)]
 20676 | Swamp:4  | HP: 3/145 [the 27-headed Lernaean hydra (11)]
 20676 | Swamp:4  | Mangled by the 27-headed Lernaean hydra

Skill      XL: |  1  2  3  4  5  6  7  8  9 10 11 12 13 14 15 |
---------------+----------------------------------------------+-----
Axes           | 4 5 6 7 9 10 11 13 14 15 16 | 16.6
Fighting       | 5 6 7 9 10 12 13 14 15 16 | 16.5
Armour         | 3 4 5 6 7 8 9 10 11 12 | 12.4
Dodging        | 3 4 5 6 7 8 9 10 11 | 11.2
Shields        | 2 6 8 9 11 12 13 14 16 | 16.9

Action                   |  1- 3 |  4- 6 |  7- 9 | 10-12 | 13-15 || total
-------------------------+-------+-------+-------+-------+-------++-------
Melee: Hand axe          |    32 |   112 |   238 |       |       ||   382
       Headbutt          |     5 |    11 |    92 |   164 |   308 ||   580
       War axe           |       |       |   157 |    35 |       ||   192
       Broad axe         |       |       |       |   599 |  1078 ||  1677
Invok: Berserk           |     1 |     2 |     5 |     5 |    16 ||    29
       Trog's Hand       |       |       |     1 |     3 |     4 ||     8
       Burn Spellbooks   |       |       |     1 |     3 |     2 ||     6
       Brothers in Arms  |       |       |       |       |     1 ||     1
  Use: Scroll            |       |       |     1 |    17 |     7 ||    25
       Potion            |       |       |     1 |     2 |     5 ||     8
 Stab: Sleeping          |     1 |       |       |       |       ||     1
       Distracted        |       |       |       |       |     1 ||     1
  Eat: Meat ration       |       |     1 |       |       |       ||     1
       Chunk             |       |     1 |    18 |    27 |    24 ||    70
       Royal jelly       |       |       |     1 |       |       ||     1
       Fruit             |       |       |       |       |    19 ||    19
       Pizza             |       |       |       |       |     4 ||     4
Armor: Animal skin       |     6 |    12 |       |       |       ||    18
       Plate armour      |       |    35 |   146 |       |   165 ||   346
       Chain mail        |       |    10 |       |       |   367 ||   377
       Scale mail        |       |     7 |       |       |       ||     7
       Pearl dragon armo |       |       |    32 |   195 |    99 ||   326
Dodge: Dodged            |    25 |    69 |    99 |   176 |   486 ||   855
Block: Large shield      |       |       |   317 |   782 |  1307 ||  2406
       Reflection        |       |       |       |     1 |       ||     1
